 Dungeon Crawl Stone Soup version 0.30-a0-159-g068b764562 (webtiles) character file.

Game seed: 12006101431258245627

100 Sobieck the Cutter (level 5, -1/30 HPs)
             Began as a Kobold Gladiator on Sept 27, 2022.
             Slain by an orc priest
             ... wielding a +0 flail
              (5 damage)
             ... on level 3 of the Dungeon.
             The game lasted 00:03:50 (2711 turns).

Sobieck the Cutter (Kobold Gladiator)               Turns: 2711, Time: 00:03:50

Health: -1/30      AC:  5    Str: 11    XL:     5   Next: 3%
Magic:  5/5        EV: 15    Int:  9    God:
Gold:   147        SH:  0    Dex: 19    Spells: 4/4 levels left

rFire   . . .      SeeInvis .    a - +3 dagger {short}
rCold   + . .      Faith    .    (no shield)
rNeg    . . .      Spirit   .    H - +0 leather armour
rPois   .          Reflect  .    c - +0 helmet
rElec   .          Harm     .    g - +0 cloak
rCorr   .          Rampage  .    (no gloves)
Will    +....                    (no boots)
Stlth   +++.......               (no amulet)
HPRegen 0.10/turn                x - ring of protection from cold
MPRegen 0.09/turn                C - ring of willpower

@: no status effects
A: small, no large weapons, nightstalker 3
a: no special abilities


You were on level 3 of the Dungeon.
You visited 1 branch of the dungeon, and saw 3 of its levels.

You collected 147 gold pieces.


Innate Abilities, Weirdness & Mutations

You are small and have problems with some larger weapons.
You are completely attuned to the shadows.


   Skills:
 - Level 2.1 Fighting
 * Level 6.2 Short Blades
 - Level 2.1 Throwing
 - Level 3.6 Dodging
 + Level 3.2 Stealth


You had 4 spell levels left.
You didn't know any spells.
Your spell library contained the following spells:

 Spells                   Type           Power      Damage    Failure   Level
 Kiss of Death            Conj/Necr      0%         2d5       47%         1
 Confusing Touch          Hex            0%         N/A       85%         3
 Dispel Undead            Necr           0%         3d6       99%         4

Inventory:

Hand Weapons
 a - a +3 dagger (weapon) {short}
   (You took it off a goblin on level 3 of the Dungeon)
 b - the +7 whip "Wean Sim" {holy, Will++, mace}
   (You found it on level 3 of the Dungeon)

   It has been blessed by the Shining One to cause great damage to the undead
   and demons.
   Will:      It greatly increases your willpower.
 n - a +1 vorpal mace {mace}
   (You found it on level 1 of the Dungeon)
 I - a +0 rapier {short}
Missiles
 d - 3 throwing nets (quivered) {=f!fthrowing}
 e - 2 boomerangs {throwing}
 i - 4 poisoned darts {throwing}
 j - 35 stones {throwing}
Armour
 c - a +0 helmet (worn)
 f - a +0 robe
   (You found it on level 1 of the Dungeon)
 g - a +0 cloak (worn)
   (You found it on level 1 of the Dungeon)
 t - a +0 scale mail
   (You found it on level 1 of the Dungeon)
 z - a +0 ring mail
   (You found it on level 2 of the Dungeon)
 B - a +0 ring mail
   (You took it off an orc on level 2 of the Dungeon)
 D - a +0 leather armour
   (You found it on level 3 of the Dungeon)
 E - a +0 robe
   (You found it on level 3 of the Dungeon)
 F - a +0 ring mail
   (You found it on level 3 of the Dungeon)
 G - a +0 ring mail
   (You found it on level 3 of the Dungeon)
 H - a +0 leather armour (worn)
Jewellery
 x - a ring of protection from cold (left hand)
   (You took it off a hobgoblin on level 2 of the Dungeon)
 C - a ring of willpower (right hand)
   (You found it on level 3 of the Dungeon)
Wands
 y - a wand of digging (2)
   (You found it on level 2 of the Dungeon)
Scrolls
 h - 2 scrolls of blinking {unknown}
 k - a scroll of fog {unknown}
 m - 2 scrolls of identify {unknown}
 q - a scroll of fear {unknown}
 r - 2 scrolls of noise {unknown}
 u - a scroll of enchant weapon {unknown}
 v - a scroll of magic mapping {unknown}
 w - a scroll of summoning {unknown}
 A - a scroll of poison {unknown}
Potions
 l - a potion of degeneration {unknown}
 o - a potion of invisibility {unknown}
 p - a potion of mutation {unknown}
 s - 3 potions of curing {unknown}
 J - a potion of lignification {unknown}

Dungeon Overview and Level Annotations

Branches:
Dungeon (3/15) Zot: 15297

Altars:
Cheibriados
Fedhas

♣....♣#.P...P.# ♣....♣#..._...#
♣....♣#..P....########### #
#♣...)♣#....P..##........#
♣♣♣♣♣♣....♣♣#.......##........###
)........♣♣ ##......##...........
........♣♣ #......##......#####
.......♣♣ #......##......#≈≈≈≈
......♣♣ #..@o..##......#≈.§≈
♣♣♣♣♣♣♣ ##......##.....)#≈>§§
................#≈§§≈
................##''# #..
.......##.............
....#.#........##.............
#......#.#........#########......
#.##...#.#........# #......
#.#....#.#........# ##......


You could see an orc priest.


Message History

The helpless goblin fails to defend itself.
You impale the goblin!!
You kill the goblin!
Unknown command.
H - a +3 dagger {short} Unknown command.
Adjust (i)tems, (s)pells, or (a)bilities?
H - a +3 dagger {short} Adjust to which letter? (? for menu, Esc to quit)
a - a +3 dagger {short};
H - a +0 rapier (weapon)
{short}
a - a +3 dagger (weapon)
{short} Your movement speed is average.
Your attack delay is about 0.6.
Your damage rating with your +3 dagger {short} is about 8 (Base 4 x 120% (Dex) x 116% (Skill) + 3 (Ench)).
Unknown command.
Adjust to which letter? (? for menu, Esc to quit)
b - a +0 rapier {short};
H - a +0 leather armour (worn)
Unknown command.
I - the +7 whip "Wean Sim" {holy, Will++, mace} Unknown command.
Unknown command.
The +7 whip "Wean Sim" {holy, Will++, mace} softly glows with a divine radiance!
I - the +7 whip "Wean Sim" (weapon)
{holy, Will++, mace} An adder comes into view.
Danger!
The helpless adder fails to defend itself.
You hit the adder but do no damage. The adder closely misses you.
Unknown command.
You hit the adder. The adder misses you.
The adder bites you but does no damage.
You hit the adder. The adder closely misses you.
You barely miss the adder. The adder bites you but does no damage.
A rat comes into view.
The adder misses you.
You whack the adder!
You kill the adder!
You have reached level 5!
You feel agile.
You hit the rat. The rat bites you.
You barely miss the rat. The rat completely misses you.
You hit the rat.
You kill the rat!
No target in view!
Adjust (i)tems, (s)pells, or (a)bilities?
I - the +7 whip "Wean Sim" (weapon)
{holy, Will++, mace} Adjust to which letter? (? for menu, Esc to quit)
b - the +7 whip "Wean Sim" (weapon)
{holy, Will++, mace}
I - a +0 rapier {short} The +7 whip "Wean Sim" {holy, Will++, mace} stops glowing.
a - a +3 dagger (weapon)
{short} Unknown command.
Found a blossoming altar of Fedhas.
Unknown command.
You open the large door.
There is a large open door here.
A goblin comes into view. It is wielding a +0 dagger.
Danger!
The goblin shouts!
The goblin misses you.
You barely miss the goblin. The goblin barely misses you.
You closely miss the goblin. You barely miss the goblin.
The goblin barely misses you.
The +7 whip "Wean Sim" {holy, Will++, mace} softly glows with a divine radiance!
b - the +7 whip "Wean Sim" (weapon)
{holy, Will++, mace} The goblin hits you but does no damage.
You closely miss the goblin. The goblin misses you.
You whack the goblin!
You kill the goblin!
No target in view!
The +7 whip "Wean Sim" {holy, Will++, mace} stops glowing.
a - a +3 dagger (weapon)
{short}
m - 2 scrolls labelled QICEQOCALI (gained 1)
J - a viscous inky potion Unknown command.
You see here a +0 dagger {short}.
There is a large open door here.
Danger!
The orc priest invokes the aid of Beogh against you.
You resist with some effort.
The +7 whip "Wean Sim" {holy, Will++, mace} softly glows with a divine radiance!
b - the +7 whip "Wean Sim" (weapon)
{holy, Will++, mace} The orc priest begins to cast a cantrip, but forgets the words!
You hit the orc priest.
The orc priest hits you with a +0 flail!
You barely miss the orc priest.
The orc priest hits you with a +0 flail.
You are too injured to fight recklessly!
You are too injured to fight recklessly!
You barely miss the orc priest.
The orc priest hits you with a +0 flail!
* * * LOW HITPOINT WARNING * * *
You closely miss the orc priest. The orc priest misses you.
Unknown command.
You barely miss the orc priest. Your punch misses the orc priest.
The orc priest hits you with a +0 flail!
* * * LOW HITPOINT WARNING * * *
Unknown command.
The +7 whip "Wean Sim" {holy, Will++, mace} stops glowing.
a - a +3 dagger (weapon)
{short} The orc priest hits you with a +0 flail.
You die...

Skill      XL: |  1  2  3  4 |
---------------+-------------+-----
Stealth        | 1 2 3 |  3.2
Short Blades   | 5 6 |  6.2
Fighting       | |  2.1
Throwing       | |  2.1
Dodging        | |  3.6

Action                   |  1- 3 |  4- 6 || total
-------------------------+-------+-------++-------
Melee: Rapier            |    75 |    49 ||   124
       Punch             |     1 |     1 ||     2
       Whip              |       |    15 ||    15
       Dagger            |       |     3 ||     3
 Stab: Sleeping          |    11 |     4 ||    15
Armor: Leather armour    |    17 |    13 ||    30
Dodge: Dodged            |    51 |    38 ||    89

Levels and vault maps discovered:
D:1:      dpeg_arrival_rooms_a, layout_basic, nicolae_figureground_pulse
D:2:      layout_rooms, basic_altar, shapermc_ecumenical_altar_mp_ritualfount
D:3:      layout_basic, general_overflow_altar, fedhas_altar_3, corexii_shack,
          minivault_24, minmay_statues_item, nrook_mini_backslash,
          kennysheep_minor_cross, kennysheep_big_empty_room,
          serial_park_tiny_pond

Notes
Turn   | Place    | Note
-------+----------+-------------------------------------------
     0 | D:1      | Sobieck the Kobold Gladiator began the quest for the Orb.
     0 | D:1      | Reached XP level 1. HP: 12/12 MP: 1/1
    97 | D:1      | Reached skill level 1 in Stealth
   113 | D:1      | Reached XP level 2. HP: 7/17 MP: 2/2
   340 | D:1      | You pick up a book of Touch and begin reading...
   340 | D:1      | You add the spells Kiss of Death, Confusing Touch and
                  | Dispel Undead to your library.
   692 | D:1      | Reached XP level 3. HP: 21/21 MP: 3/3
   731 | D:1      | Reached skill level 5 in Short Blades
   853 | D:1      | Reached skill level 2 in Stealth
  1191 | D:2      | Found a blossoming altar of Fedhas.
  1354 | D:2      | Reached XP level 4. HP: 26/26 MP: 4/4
  1587 | D:2      | Found a faded altar of an unknown god.
  2039 | D:3      | Reached skill level 3 in Stealth
  2070 | D:3      | Found a snail-covered altar of Cheibriados.
  2173 | D:3      | Reached skill level 6 in Short Blades
  2497 | D:3      | Identified the +7 whip "Wean Sim" {holy, Will++}
  2545 | D:3      | Reached XP level 5. HP: 30/30 MP: 5/5
  2581 | D:3      | Found a blossoming altar of Fedhas.
  2710 | D:3      | HP: 4/30 [orc priest/+0 flail (9)]
  2711 | D:3      | Slain by an orc priest

Vanquished Creatures
  4 adders
  2 worms
  A dart slug (D:1)
  2 orcs
  An endoplasm (D:2)
  A giant cockroach (D:2)
  6 goblins
  7 hobgoblins
  5 jackals
  5 kobolds
  7 quokkas
  2 ball pythons (D:1)
  A bat (D:1)
  2 frilled lizards (D:2)
  4 rats
50 creatures vanquished.

Vanquished Creatures (others)
  8 fungi (D:3)
  3 plants (D:3)
11 creatures vanquished.

Grand Total: 61 creatures vanquished

Table legend:
 A = Non-vault XP
 B = Vault XP
 C = Vault XP percentage of total XP
 D = Non-vault monster count
 E = Vault monster count
 F = Vault count percentage of total count
                 A         B        C        D         E       F
            +---------+---------+-------+---------+---------+-------
      Total |     143 |       0 |   0.0 |      50 |       0 |   0.0
            +---------+---------+-------+---------+---------+-------
        D:1 |      41 |       0 |   0.0 |      22 |       0 |   0.0
        D:2 |      59 |       0 |   0.0 |      18 |       0 |   0.0
        D:3 |      43 |       0 |   0.0 |      10 |       0 |   0.0
            +---------+---------+-------+---------+---------+-------

Illustrated notes

Table legend:
 A = Kills in this place as a percentage of kills in entire the game.
 B = Kills by you in this place as a percentage of kills by you in the entire game.
 C = Kills by friends in this place as a percentage of kills by friends in the entire game.
 D = Other kills in this place as a percentage of other kills in the entire game.
 E = Experience gained in this place as a percentage of experience gained in the entire game.
 F = Experience gained in this place divided by the number of levels of this place that you have seen.
                   A       B       C       D       E      F
               +-------+-------+-------+-------+-------+----------------------
         Total | 100.0 | 100.0 |   N/A |   N/A | 100.0 |  47.7
       Dungeon | 100.0 | 100.0 |   N/A |   N/A | 100.0 |  47.7
               +-------+-------+-------+-------+-------+----------------------

Table legend: (Time is in decaauts)
 A = Elapsed time spent in this place.
 B = Non-inter-level travel time spent in this place.
 C = Inter-level travel time spent in this place.
 D = Time resting spent in this place.
 E = Time spent auto-exploring this place.
 F = Levels seen in this place.
 G = Mean time per level.
                   A        B        C        D        E       F      G
               +--------+--------+--------+--------+--------+-----+--------+
         Total |   2702 |   2650 |     52 |    450 |   1827 |   3 |  900.7 |
       Dungeon |   2702 |   2650 |     52 |    450 |   1827 |   3 |  900.7 |
               +--------+--------+--------+--------+--------+-----+--------+

Top non-repeatable levels by time:
     D:1: 1133 daAuts
     D:3: 917 daAuts
     D:2: 650 daAuts
